 Dungeon Crawl Stone Soup version 0.20-a0-19-gd4fea00 (webtiles) character file.

8156 KristoblXynda the Martial Artist (level 11, -7/77 HPs)
             Began as a Red Draconian Transmuter on Nov 5, 2016.
             Was a Follower of Ashenzari.
             Mangled by a hill giant
             ... wielding a +0 giant spiked club
              (26 damage)
             ... on level 11 of the Dungeon.
             The game lasted 00:27:22 (10161 turns).

KristoblXynda the Martial Artist (DrTm)            Turns: 10161, Time: 00:27:24

Health: -7/77      AC: 13    Str: 14    XL:     11   Next: 6%
Magic:  0/18       EV: 21    Int: 17    God:    Ashenzari [*.....]
Gold:   310        SH:  0    Dex: 16    Spells: 1 memorised, 19 levels left

rFire  + . .     SeeInvis +     r - +4 quarterstaff (chaos)
rCold  + . .     Gourm    .     (armour unavailable)
rNeg   . . .     Faith    .     (shield currently unavailable)
rPois  +         Spirit   +     L - +3 hat "Virrudiwk" {rPois Str+2 Dex+4} (curse)
rElec  .         Reflect  .     A - +1 cloak {MR+} (curse)
rCorr  .         Harm     .     (no gloves)
MR     +....     Clarity  +     j - +0 pair of boots
Stlth  +.........               z - amulet of guardian spirit
                                C - ring of protection from cold (curse)
                                y - +5 ring of evasion (curse)

@: short of breath
A: breathe fire, unfitting armour, horns 1, see invisible, clarity, fire
resistance 1, sense surroundings 1, poison resistance, cold-blooded, AC +7
a: Breathe Fire, Curse Item, Scrying, Renounce Religion


You were on level 11 of the Dungeon.
You worshipped Ashenzari.
Ashenzari was aware of your devotion.
You were hungry.

You visited 2 branches of the dungeon, and saw 12 of its levels.
You also visited: Sewer.

You collected 808 gold pieces.
You spent 498 gold pieces at shops.

Inventory:

Hand Weapons
 r - a +4 quarterstaff of chaos (weapon)
Missiles
 s - a throwing net (quivered)
Armour
 j - a +0 pair of boots (worn)
 A - a cursed +1 cloak of magic resistance (worn)
 L - the cursed +3 hat "Virrudiwk" (worn) {rPois Str+2 Dex+4}
   (You acquired it on level 9 of the Dungeon)

   It affects your strength (+2).
   It affects your dexterity (+4).
   It protects you from poison.
   It has a curse placed upon it.
Jewellery
 y - a cursed +5 ring of evasion (left hand)
 z - an amulet of guardian spirit (around neck)
 C - a cursed ring of protection from cold (right hand)
 I - a +3 ring of protection
 J - an uncursed amulet of regeneration
Wands
 e - a wand of paralysis (7/24)
 f - a wand of disintegration (0/24)
 h - a wand of lightning (0/15)
 w - a wand of flame (43/48)
 F - a wand of acid (8/15)
 H - a wand of slowing (24/48)
 P - a wand of iceblast (6/15)
Scrolls
 c - 3 scrolls of amnesia
 m - 2 scrolls of fog
 u - 3 scrolls of magic mapping
 v - 2 scrolls of recharging
 B - 2 scrolls of teleportation
 G - 2 scrolls of blinking
 M - a scroll of fear
Potions
 a - 2 potions of magic
 g - 3 potions of might
 i - 4 potions of flight
 k - a potion of cancellation
 l - 2 potions of lignification
 o - 5 potions of haste
 q - a potion of cure mutation
 E - a potion of invisibility
 N - a potion of mutation
 R - 2 potions of agility
 S - a potion of resistance
 U - 2 potions of curing
Books
 b - a book of Changes

   Spells                             Type                      Level
   a - Beastly Appendage              Transmutation                1
   b - Sticks to Snakes               Transmutation                2
   c - Spider Form                    Transmutation/Poison         3
   d - Ice Form                       Ice/Transmutation            4
   e - Blade Hands                    Transmutation                5
 n - a book of Maledictions

   Spells                             Type                      Level
   a - Corona                         Hexes                        1
   b - Ensorcelled Hibernation        Hexes/Ice                    2
   c - Confuse                        Hexes                        3
   d - Tukima's Dance                 Hexes                        3
   e - Dazzling Spray                 Conjuration/Hexes            3
 D - a book of Frost

   Spells                             Type                      Level
   a - Freeze                         Ice                          1
   b - Throw Frost                    Conjuration/Ice              2
   c - Ozocubu's Armour               Charms/Ice                   3
   d - Throw Icicle                   Conjuration/Ice              4
   e - Summon Ice Beast               Ice/Summoning                4
 K - a book of Flames

   Spells                             Type                      Level
   a - Flame Tongue                   Conjuration/Fire             1
   b - Throw Flame                    Conjuration/Fire             2
   c - Conjure Flame                  Conjuration/Fire             3
   d - Inner Flame                    Hexes/Fire                   3
   e - Sticky Flame                   Conjuration/Fire             4
   f - Fireball                       Conjuration/Fire             5
Comestibles
 d - 5 chunks of flesh
 p - 2 royal jellies
 t - 6 fruits
 x - 7 bread rations
 O - 5 beef jerkies


   Skills:
 - Level 1.1 Fighting
 + Level 5.9 Dodging
 * Level 12.4 Unarmed Combat
 - Level 5.3 Spellcasting
 + Level 8.9 Transmutations


You had 19 spell levels left.
You knew the following spells:

 Your Spells              Type           Power        Failure   Level  Hunger
a - Beastly Appendage     Tmut           ####..       1%          1    None


Dungeon Overview and Level Annotations

Branches:
Dungeon (11/15)            Temple (1/1) D:7            Lair (0/6) D:11
    Orc: D:9-12

Altars:
Ashenzari
Cheibriados
Dithmenos
Elyvilon
Fedhas
Gozag
Hepliaklqana
Kikubaaqudgha
Makhleb
Nemelex Xobeh
Okawaru
Qazlal
Ru
Sif Muna
Trog
Uskayaw
Vehumet
Xom
Yredelemnul
Zin
The Shining One

Shops:
D:4 [   D:6 !   D:7 *}!:}   D:9 (


Innate Abilities, Weirdness & Mutations

You can breathe blasts of fire.
Your fiery red scales are hard. (AC +7)
You cannot fit into any form of body armour.
Your flesh is heat resistant. (rF+)
You are cold-blooded and may be slowed by cold attacks.
You have a pair of small horns on your head.
You have supernaturally acute eyesight. (SInv)
You possess an exceptional clarity of mind.
You passively map a small area around you.
Your system is resistant to poisons. (rPois)


Message History

Unknown command.
You hit the hill giant.
The hill giant is poisoned.
You tail-slap the hill giant.
The hill giant is severely wounded.
The hill giant misses you.
You hit the hill giant. You freeze the hill giant.
The hill giant is severely wounded.
The hill giant hits you with a giant spiked club!!
* * * LOW HITPOINT WARNING * * *
You barely miss the hill giant.
The hill giant is severely wounded.
The hill giant barely misses you.
You hit the hill giant.
The hill giant looks as sick as possible!
The hill giant is almost dead.
The hill giant barely misses you.
You hit the hill giant.
You feel better.
You tail-slap the hill giant.
The hill giant is almost dead.
The hill giant hits you with a giant spiked club!!
You die...

, **..........####.. ...
...###..### ##. ...,..#
#.....####.. *#.. .#
##).........# #..,*
#.....###.... #..
##....##......
#..####(....#.......
.####.C#........#.......
#......@..###...........
#.####..### ##..........
* #...# ##.........
.....# #.........
.......#* #.........
..#####.. * #.........
#* ... *,........... *
..# ,.#.......... , **
#*##.........


You could see a hill giant.

Vanquished Creatures
  A hill giant (D:9)
  Pikel (D:5)
  A centaur zombie (D:11)
  A hornet (D:11)
  3 hippogriffs
  A spriggan (D:7)
  A wyvern (D:9)
  2 wraiths
  A steam dragon (D:7)
  3 hungry ghosts
  Edmund (D:4)
  Duvessa (D:4)
  An ice beast (D:11)
  5 orc warriors
  2 sky beasts
  5 ogres
  3 phantoms
  A centaur (shapeshifter) (D:6)
  A necrophage (D:9)
  A crocodile (shapeshifter) (D:5)
  A centaur (D:8)
  A crocodile (D:11)
  Blork the orc (D:4)
  3 big kobolds
  5 bullfrogs
  A gnoll sergeant (D:7)
  A water moccasin zombie (D:7)
  A scorpion (D:4)
  Dowan (D:4)
  5 killer bees (D:10)
  5 wights
  2 electric eels (D:7)
  7 crimson imps
  2 bullfrog zombies
  A quasit (D:6)
  3 hounds
  3 jellies
  5 orc priests
  Crazy Yiuf (D:2)
  9 orc wizards
  2 bullfrog skeletons
  5 iguanas
  6 worker ants
  2 worker ant zombies
  7 gnolls
  11 adders
  A river rat (D:11)
  2 shadow imps (D:9)
  6 oozes
  2 adder zombies (D:6)
  2 adder skeletons (D:9)
  5 worms
  A dart slug (D:4)
  6 leopard geckos
  49 orcs
  11 bats
  8 giant cockroaches
  11 goblins
  11 hobgoblins
  7 jackals
  2 quokkas
  3 ball pythons
  5 frilled lizards
  3 jackal skeletons
  A jackal zombie (D:8)
  13 kobolds
  A leopard gecko skeleton (D:6)
  A leopard gecko zombie (D:5)
  7 rats
285 creatures vanquished.

Vanquished Creatures (others)
  An orc warrior (D:9)
  A fungus (D:11)
  A plant (D:7)
3 creatures vanquished.

Grand Total: 288 creatures vanquished

Notes
Turn   | Place    | Note
-------+----------+-------------------------------------------
     0 | D:1      | KristoblXynda the Draconian Transmuter began the quest for the Orb.
     0 | D:1      | Reached XP level 1. HP: 16/16 MP: 3/3
   304 | D:1      | Reached XP level 2. HP: 23/23 MP: 5/5
   990 | D:2      | Reached XP level 3. HP: 27/28 MP: 6/6
  1048 | D:2      | Reached skill level 4 in Unarmed Combat
  1154 | D:2      | Found a runed door.
  1179 | D:2      | Noticed Crazy Yiuf
  1188 | D:2      | Killed Crazy Yiuf
  1188 | D:2      | Reached XP level 4. HP: 4/35 MP: 5/7
  1665 | D:3      | Found a faded altar of an unknown god.
  2269 | D:3      | Noticed a bullfrog
  2276 | D:3      | Killed a bullfrog
  2276 | D:3      | Reached skill level 5 in Unarmed Combat
  2276 | D:3      | Reached XP level 5. HP: 34/40 MP: 8/8
  2476 | D:4      | Found Xogroax's Armour Emporium.
  2481 | D:4      | Bought a +1 cloak of magic resistance for 198 gold pieces
  2489 | D:4      | Noticed an ogre
  2503 | D:4      | Killed an ogre
  2687 | D:4      | Reached XP level 6. HP: 47/47 MP: 10/10
  2694 | D:4      | Noticed Duvessa
  2705 | D:4      | Noticed Dowan
  2713 | D:4      | Noticed Edmund
  2715 | D:4      | Killed Dowan
  2756 | D:4      | Killed Edmund
  2756 | D:4      | Reached skill level 6 in Unarmed Combat
  2756 | D:4      | Your scales start taking on a fiery red colour.
  2756 | D:4      | Reached XP level 7. HP: 41/52 MP: 10/12
  2756 | D:4      | Gained mutation: Your flesh is heat resistant. (rF+) [Red Draconian growth]
  2771 | D:4      | Killed Duvessa
  2881 | D:4      | Noticed Blork the orc
  2904 | D:4      | Killed Blork the orc
  2904 | D:4      | Reached skill level 7 in Unarmed Combat
  3172 | D:5      | Entered Level 5 of the Dungeon
  3195 | D:5      | Reached skill level 5 in Transmutations
  3355 | D:5      | Reached XP level 8. HP: 47/59 MP: 14/14
  3376 | D:5      | Noticed Pikel
  3404 | D:5      | Killed Pikel
  3404 | D:5      | Reached skill level 8 in Unarmed Combat
  3503 | D:5      | Found a glowing drain.
  3525 | Sewer    | Entered a sewer
  4142 | D:5      | Reached skill level 5 in Spellcasting
  4465 | D:6      | Reached skill level 9 in Unarmed Combat
  4905 | D:6      | Reached XP level 9. HP: 56/64 MP: 16/16
  5202 | D:6      | Found Jano's Distillery.
  5287 | D:7      | Found Xonus's Gadget Emporium.
  5445 | D:7      | HP: 3/64 [electric eel/bolt of electricity (11)]
  5767 | D:7      | Found Urchumaf's Assorted Antiques.
  6017 | D:7      | Reached skill level 10 in Unarmed Combat
  6048 | D:7      | Found Iroixuf's Distillery.
  6062 | D:7      | Found Yciovuuqurgh's Book Emporium.
  6068 | D:7      | Found Caugytiu's Gadget Emporium.
  6286 | D:7      | Found a staircase to the Ecumenical Temple.
  6299 | Temple   | Entered the Ecumenical Temple
  6350 | Temple   | Became a worshipper of Ashenzari the Shackled
  6443 | D:7      | Bought a scroll of remove curse for 81 gold pieces
  6443 | D:7      | Bought a scroll labeled YWOEMA YTSEA for 27 gold pieces
  7289 | D:8      | Gained mutation: Your muscles are strong. (Str +2) [mutagenic meat]
  7290 | D:8      | Gained mutation: You have a pair of small horns on your head. [mutagenic meat]
  7291 | D:8      | Gained mutation: You possess an exceptional clarity of mind. [mutagenic meat]
  7293 | D:8      | Gained mutation: Your system is resistant to poisons. (rPois) [mutagenic meat]
  7294 | D:8      | Gained mutation: You have supernaturally acute eyesight. (SInv) [mutagenic meat]
  7447 | D:8      | Reached XP level 10. HP: 51/71 MP: 15/17
  7677 | D:8      | Reached skill level 11 in Unarmed Combat
  7911 | D:4      | Bought a +2 hat for 192 gold pieces
  8127 | D:9      | Found Xeki's Antique Weapon Boutique.
  8938 | D:9      | Reached skill level 5 in Dodging
  8965 | D:9      | Noticed a hill giant
  8979 | D:9      | Killed a hill giant
  9011 | D:9      | Reached * piety under Ashenzari
  9173 | D:9      | Identified a scroll of acquirement
  9176 | D:9      | Got the cursed hat "Virrudiwk" {rPois Str+2 Dex+4}
  9187 | D:9      | Identified the cursed +3 hat "Virrudiwk" {rPois Str+2 Dex+4} (You acquired it on level 9 of the Dungeon)
  9195 | D:9      | Gained mutation: You passively map a small area around you. [potion of mutation]
  9195 | D:9      | Lost mutation: Your muscles are strong. (Str +2) [potion of mutation]
  9264 | D:10     | Entered Level 10 of the Dungeon
  9420 | D:10     | Reached skill level 12 in Unarmed Combat
 10053 | D:11     | Found a staircase to the Lair.
 10066 | D:11     | Reached XP level 11. HP: 36/77 MP: 11/18
 10148 | D:11     | Noticed a hill giant
 10161 | D:11     | Mangled by a hill giant

Vault maps used:
D:1:      minmay_arrival_checkered_box, st_stairs_13
D:2:      moated_statue, uniq_crazy_yiuf_cottage
D:3:      kennysheep_big_flooded_room, first_bread, ecumenical_altar_1
D:4:      serial_shops, nicolae_shop_competitors_out_of_business, uniq_duvessa,
          uniq_blork_the_orc, uniq_edmund
D:5:      cheibrodos_iron_armory, gup_sewer_entry_glass, uniq_pikel
D:6:      kennysheep_small_square
D:7:      serial_shops, shop_statue, nicolae_shop_competitors_out_of_business,
          shop, nicolae_shop_temple_entry_statues_fountains,
          kennysheep_mini_moat, the_bakery, eino_tiny_chamber,
          chequers_big_river
D:8:      minmay_fountain_box, kennysheep_generic_room_7
D:9:      serial_shops, shop
D:10:     minmay_statues_item
D:11:     due_lair_maze_entry_diamond
Temple:   dpeg_three_leaves_temple
Sewer:    sewer_fruit_machine

Skill      XL: |  1  2  3  4  5  6  7  8  9 10 |
---------------+-------------------------------+-----
Unarmed Combat | 4 5 6 7 9 10 12 | 12.4
Transmutations | 3 4 5 6 7 8 |  8.9
Spellcasting   | 3 4 5 |  5.3
Dodging        | 4 5 |  5.9
Fighting       | |  1.1

Action                   |  1- 3 |  4- 6 |  7- 9 | 10-12 || total
-------------------------+-------+-------+-------+-------++-------
Melee: Unarmed           |   105 |       |       |       ||   105
       Kick              |     2 |       |       |       ||     2
       Tailslap          |     7 |    14 |    40 |    55 ||   116
       Headbutt          |     4 |     2 |     6 |    69 ||    81
       Punch             |     1 |       |       |       ||     1
       Quarterstaff      |       |   106 |   512 |   416 ||  1034
Throw: Throwing net      |       |       |       |     1 ||     1
 Cast: Beastly Appendage |     4 |     1 |       |       ||     5
Invok: Curse Item        |       |       |     2 |     1 ||     3
 Abil: Breathe Fire      |       |       |     1 |     5 ||     6
Evoke: Wand              |       |       |       |     1 ||     1
  Use: Potion            |     2 |       |     8 |     2 ||    12
       Scroll            |       |     7 |    12 |     9 ||    28
 Stab: Sleeping          |       |     1 |       |       ||     1
       Paralysed         |       |     4 |     4 |     2 ||    10
       Petrified         |       |       |     4 |     3 ||     7
  Eat: Chunk             |       |     2 |    11 |     2 ||    15
       Bread ration      |       |     1 |     2 |       ||     3
       Fruit             |       |       |     5 |     1 ||     6
       Pizza             |       |       |     3 |       ||     3
       Meat ration       |       |       |     1 |     1 ||     2
       Beef jerky        |       |       |     1 |       ||     1
Armor: Skin              |    32 |    18 |   175 |   132 ||   357
Dodge: Dodged            |    65 |    77 |   462 |   562 ||  1166
